 Dungeon Crawl Stone Soup version 0.27-a0-1557-g57f10a385c (webtiles) character file.

Game seed: 14787267617559063360

96 tilp the Caller (level 4, -11/33 HPs)
             Began as a Barachi Summoner on July 15, 2021.
             Mangled by an ice beast (13 damage)
             ... on level 3 of the Dungeon.
             The game lasted 00:05:40 (4331 turns).

tilp the Caller (Barachi Summoner)                  Turns: 4331, Time: 00:05:41

Health: -11/33     AC:  5    Str: 10    XL:     4   Next: 67%
Magic:  2/8        EV: 10    Int: 15    God:
Gold:   83         SH:  0    Dex: 13    Spells: 0/9 levels left

rFire    . . .     SeeInvis .   a - +0 dagger (venom)
rCold    . . .     Faith    .   (no shield)
rNeg     . . .     Spirit   .   f - +0 ring mail
rPois    .         Reflect  .   (no helmet)
rElec    .         Harm     .   (no cloak)
rCorr    .         Rampage  .   (no gloves)
Will     .....                  (no boots)
Stlth    +.........             (no amulet)
HPRegen  0.11/turn              (no ring)
MPRegen  0.11/turn              (no ring)

@: unable to hop, slow
A: amphibious, slowness 1, strong legs 1, +LOS
a: Hop


You were on level 3 of the Dungeon.
You visited 1 branch of the dungeon, and saw 3 of its levels.

You collected 83 gold pieces.

Inventory:

Hand Weapons
 a - a +0 dagger of venom (weapon)
 b - a +0 spear
 g - a +0 short sword
 h - a +0 mace
 k - a +0 war axe
Missiles
 e - 6 poisoned darts (quivered)
Armour
 f - a +0 ring mail (worn)
Scrolls
 i - a scroll of amnesia
Potions
 c - 2 potions of ambrosia {unknown}
 d - a potion of berserk rage {unknown}
 j - a potion of brilliance {unknown}


   Skills:
 + Level 2.2 Fighting
 + Level 2.3 Dodging
 + Level 2.0 Stealth
 - Level 3.0 Spellcasting
 - Level 6.0 Summonings


You couldn't memorise any spells.
You knew the following spells:

 Your Spells              Type           Power      Damage    Failure   Level
a - Summon Small Mammal   Summ           80%        N/A       4%          1
b - Call Imp              Summ           20%        N/A       7%          2
c - Call Canine Familiar  Summ           20%        N/A       13%         3
d - Summon Guardian Gole  Hex/Summ       11%        N/A       41%         3

Your spell library contained the following spells:

 Spells                   Type           Power      Damage    Failure   Level
 Summon Lightning Spire   Summ/Air       11%        N/A       83%         4


Dungeon Overview and Level Annotations

Branches:
Dungeon (3/15)

Altars:
Fedhas
Kikubaaqudgha


Innate Abilities, Weirdness & Mutations

You are amphibious.
You cover ground slowly.
You can hop short distances.
You have an extended range of vision and can be seen from far away.


Message History

What are your orders? t - Croak!
Orders for allies: a - Attack new target. r - Retreat! s - Stop attacking. g - Guard the area. f - Follow me.
Anything else - Cancel.
Gang up on whom?
Press: ? - help, Dir - move target, f - ice beast
Aim: an ice beast (moderately wounded, ally target) Attack!
Your hound bites the ice beast.
Unknown command.
You hit the ice beast but do no damage.
The ice beast is heavily wounded.
The ice beast barely misses you.
Unknown command.
Unknown command.
You hit the ice beast but do no damage.
The ice beast is heavily wounded.
Your hound bites the ice beast but does no damage.
Your white imp hits the ice beast but does no damage.
Your hound bites the ice beast.
The ice beast hits your hound. The ice beast freezes your hound!
Unknown command.
Unknown command.
You hit the ice beast.
The ice beast is severely wounded.
Your hound bites the ice beast but does no damage.
Your white imp barely misses the ice beast.
The ice beast closely misses you.
Unknown command.
Unknown command.
You hit the ice beast but do no damage.
The ice beast is severely wounded.
Your hound bites the ice beast.
Your white imp hits the ice beast but does no damage.
Your hound bites the ice beast but does no damage.
The ice beast hits you.
* * * LOW HITPOINT WARNING * * *
The ice beast freezes you!
You die...

#.......#
#.#...#.# #####
#.#...# # #.P.#
#.#...# #._.#
#.##.##.#
#PP.#####.......#
##...#.......####
###.).#..######
#...hY@..#
#..#####...5....#
(.((......#P..###
#.##.######...#
##.P.# #P_.#
#..P# #####


You could see an ice beast (ally target), a friendly hound (summoned) and a
friendly white imp (summoned).

Vanquished Creatures
  An adder (D:3)
  A worm (D:3)
  2 dart slugs (D:2)
  2 orcs (D:3)
  4 ball pythons
  4 bats
  3 endoplasms
  2 giant cockroaches (D:2)
  8 goblins
  2 hobgoblins
  7 jackals
  6 kobolds
  A quokka (D:1)
  A frilled lizard (D:3)
  4 rats
48 creatures vanquished.

Vanquished Creatures (collateral kills)
  An adder (D:2)
  A worm (D:3)
  A dart slug (D:1)
  2 orcs (D:3)
  A ball python (D:1)
  2 endoplasms (D:2)
  A goblin (D:1)
  2 hobgoblins
  2 jackals
  4 kobolds
  2 quokkas
  3 bats
  2 frilled lizards (D:1)
  2 rats
26 creatures vanquished.

Vanquished Creatures (others)
  2 plants (D:3)
2 creatures vanquished.

Grand Total: 76 creatures vanquished

Notes
Turn   | Place    | Note
-------+----------+-------------------------------------------
     0 | D:1      | tilp the Barachi Summoner began the quest for the Orb.
     0 | D:1      | Reached XP level 1. HP: 13/13 MP: 3/3
   100 | D:1      | Reached skill level 1 in Fighting
   453 | D:1      | Reached XP level 2. HP: 4/22 MP: 0/5
   650 | D:1      | Learned a level 2 spell: Call Imp
  1047 | D:1      | Found a faded altar of an unknown god.
  1059 | D:1      | Reached skill level 5 in Summonings
  1766 | D:1      | Reached XP level 3. HP: 26/27 MP: 3/6
  1791 | D:1      | Learned a level 3 spell: Call Canine Familiar
  2549 | D:2      | Reached XP level 4. HP: 26/33 MP: 1/8
  3054 | D:2      | Learned a level 3 spell: Summon Guardian Golem
  3222 | D:3      | Reached skill level 6 in Summonings
  4058 | D:3      | Found an ancient bone altar of Kikubaaqudgha.
  4061 | D:3      | Found a blossoming altar of Fedhas.
  4311 | D:3      | Noticed an ice beast
  4331 | D:3      | Mangled by an ice beast

Illustrated notes

Levels and vault maps discovered:
D:1:      dpeg_arrival_pond, layout_loops_cross,
          dreamdust_ecumenical_altar_grove, hex_large, minmay_circled_x
D:2:      layout_basic
D:3:      layout_loops_cross, grunt_temple_overflow_growth_and_decay,
          okawaru_trees_1, minivault_4, hangedman_decor_opposing,
          uniq_crazy_yiuf_cottage, uniq_sigmund, uniq_robin

Skill      XL: |  1  2  3  4 |
---------------+-------------+-----
Fighting       | 1 2 |  2.2
Summonings     | 5 6 |  6.0
Spellcasting   | 3 |  3.0
Stealth        | 2 |  2.0
Dodging        | |  2.3

Action                   |  1- 3 |  4- 6 || total
-------------------------+-------+-------++-------
Melee: Short sword       |    70 |       ||    70
       Dagger            |    56 |    69 ||   125
Throw: Dart              |     6 |     3 ||     9
 Cast: Summon Small Mamm |    18 |       ||    18
       Call Imp          |    35 |    24 ||    59
       Call Canine Famil |     1 |     2 ||     3
 Abil: Hop               |       |     1 ||     1
  Use: Scroll            |     1 |     1 ||     2
 Stab: Sleeping          |     1 |       ||     1
       Distracted        |     1 |       ||     1
Armor: Robe              |     6 |       ||     6
       Ring mail         |    75 |    20 ||    95
Dodge: Dodged            |    84 |    39 ||   123

Table legend: (Time is in decaauts)
 A = Elapsed time spent in this place.
 B = Non-inter-level travel time spent in this place.
 C = Inter-level travel time spent in this place.
 D = Time resting spent in this place.
 E = Time spent auto-exploring this place.
 F = Levels seen in this place.
 G = Mean time per level.
                   A        B        C        D        E       F      G
               +--------+--------+--------+--------+--------+-----+--------+
         Total |   4585 |   4517 |     68 |   1606 |   2255 |   3 | 1528.3 |
       Dungeon |   4585 |   4517 |     68 |   1606 |   2255 |   3 | 1528.3 |
               +--------+--------+--------+--------+--------+-----+--------+

Top non-repeatable levels by time:
     D:1: 2037 daAuts
     D:3: 1286 daAuts
     D:2: 1261 daAuts
